 Dungeon Crawl Stone Soup version 0.23.1-41-g7e51ed3 (webtiles) character file.

Game seed: 2737070883759073880

285 Borgoz the Cutter (level 6, -3/37 HPs)
             Began as a Gargoyle Gladiator on Mar 30, 2019.
             Was an Initiate of Ashenzari.
             Slain by an ogre
             ... wielding a +0 giant club
              (12 damage)
             ... on level 5 of the Dungeon.
             The game lasted 00:04:24 (3189 turns).

Borgoz the Cutter (Gargoyle Gladiator)              Turns: 3189, Time: 00:04:25

Health: -3/37      AC:  8    Str: 18    XL:     6   Next: 29%
Magic:  6/6        EV: 13    Int:  8    God:    Ashenzari [......]
Gold:   174        SH:  0    Dex: 13    Spells: 5/5 levels left

rFire    . . .     SeeInvis +   a - +0 rapier
rCold    . . .     Gourm    .   (no shield)
rNeg     + . .     Faith    .   b - +0 leather armour
rPois    ∞         Spirit   .   c - +0 helmet
rElec    +         Reflect  .   (no cloak)
rCorr    .         Harm     .   (no gloves)
MR       +....                  (no boots)
Stlth    ++........             (no amulet)
HPRegen  0.12/turn              w - ring of see invisible
MPRegen  0.10/turn              s - ring of protection from magic

@: no status effects
A: negative energy resistance 1, electricity resistance, unbreathing,
petrification resistance, rot immunity, AC +4
a: Curse Item, Renounce Religion


You were on level 5 of the Dungeon.
You worshipped Ashenzari.
Ashenzari was noncommittal.
You were very hungry.

You visited 1 branch of the dungeon, and saw 5 of its levels.

You collected 174 gold pieces.

Inventory:

Hand Weapons
 a - a +0 rapier (weapon)
Missiles
 d - a throwing net (quivered)
 k - 5 tomahawks
 r - 8 javelins
Armour
 b - a +0 leather armour (worn)
 c - a +0 helmet (worn)
Jewellery
 s - a ring of protection from magic (right hand)
 w - a ring of see invisible (left hand)
Wands
 x - a wand of iceblast (6)
Scrolls
 g - 4 scrolls of teleportation
 h - a scroll of enchant weapon {unknown}
 m - a scroll of immolation {unknown}
 q - 7 scrolls of remove curse
 t - a scroll of fear
 u - 2 scrolls of amnesia
Potions
 e - 2 potions of curing
 i - a potion of ambrosia {unknown}
 j - 3 potions of agility {unknown}
 l - 2 potions of resistance {unknown}
 n - 2 potions of might {unknown}
 o - 3 potions of heal wounds
 p - 3 potions of brilliance
 v - 2 potions of magic {unknown}
 z - a potion of lignification {unknown}
Comestibles
 f - 7 rations


   Skills:
 + Level 3.2 Fighting
 * Level 3.8 Short Blades
 - Level 1.7 Throwing
 * Level 2.9 Armour
 * Level 3.5 Dodging
 + Level 2.1 Stealth


You had 5 spell levels left.
You didn't know any spells.
Your spell library was empty.

Dungeon Overview and Level Annotations

Branches:
Dungeon (5/15)
 Temple: D:4-7

Altars:
Ashenzari
Nemelex Xobeh
Ru


Innate Abilities, Weirdness & Mutations

You are resistant to torment.
Your stone body is resilient. (AC +4)
You are immune to poison.
You resist negative energy. (rN+)
You are resistant to electric shocks. (rElec)
You can survive without breathing.
You are immune to petrification.
You are immune to rotting.


Message History

You are too injured to fight recklessly!
You are too injured to fight recklessly!
Throwing (i - inventory. (/) - cycle)
d - 4 throwing nets (quivered)
Press: ? - help, Shift-Dir - straight line, f - ogre
Aim: an ogre, wielding a +0 giant club (lightly wounded)
You throw a throwing net.
The throwing net barely misses the ogre.
Throwing (i - inventory. (/) - cycle)
d - 3 throwing nets (quivered)
Press: ? - help, Shift-Dir - straight line, f/p - ogre
Aim: an ogre, wielding a +0 giant club (lightly wounded)
You throw a throwing net.
The throwing net barely misses the ogre.
The ogre closely misses you.
Throwing (i - inventory. (/) - cycle)
d - 2 throwing nets (quivered)
Press: ? - help, Shift-Dir - straight line, f/p - ogre
Aim: an ogre, wielding a +0 giant club (lightly wounded)
You throw a throwing net.
The throwing net completely misses the ogre.
The ogre hits you with a +0 giant club!
You die...

#.##.....# ...###.
#........# ....(.
#.##..<..# # ....#.#
#.##.>...# #. #......
#......#.# ..#.#.#.# #
######.#.# ....#.#.#
#.#.# #.O#.#.# #.#.#
#.@....# #.#.#
#....### #.#.#
#....#!# ###.#.#
.##....#.#.####...#.#
..........#..........#
#.###.#.#.#....#.#####
# #.#.#.#...........
#.#.#.####...#..##
#.#.#.# #####..#


You could see an ogre.

Vanquished Creatures
  A scorpion (D:4)
  A hound (D:4)
  Terence (D:3)
  A worker ant (D:4)
  3 gnolls (D:2)
  2 adders (D:2)
  2 oozes
  4 worms
  3 dart slugs
  3 leopard geckos
  10 orcs
  7 bats
  3 giant cockroaches
  5 goblins
  6 hobgoblins
  2 jackals (D:4)
  4 kobolds
  A quokka (D:4)
  A ball python (D:1)
  4 frilled lizards
  A giant cockroach zombie (D:4)
  9 rats
74 creatures vanquished.

Notes
Turn   | Place    | Note
-------+----------+-------------------------------------------
     0 | D:1      | Borgoz the Gargoyle Gladiator began the quest for the Orb.
     0 | D:1      | Reached XP level 1. HP: 12/12 MP: 1/1
   173 | D:1      | Reached XP level 2. HP: 17/17 MP: 2/2
   590 | D:2      | Reached skill level 1 in Armour
   777 | D:2      | Reached XP level 3. HP: 22/22 MP: 3/3
   890 | D:2      | Reached skill level 1 in Stealth
  1074 | D:2      | Reached XP level 4. HP: 21/27 MP: 4/4
  1620 | D:3      | Reached XP level 5. HP: 31/32 MP: 5/5
  1760 | D:3      | Noticed Terence
  1778 | D:3      | Killed Terence
  1857 | D:3      | Found a shattered altar of Ashenzari.
  1859 | D:3      | Found a sacrificial altar of Ru.
  1872 | D:3      | Became a worshipper of Ashenzari the Shackled
  2028 | D:3      | Found a sparkling altar of Nemelex Xobeh.
  2102 | D:4      | Found a sparkling altar of Nemelex Xobeh.
  2406 | D:4      | Reached XP level 6. HP: 37/37 MP: 6/6
  3064 | D:5      | Entered Level 5 of the Dungeon
  3189 | D:5      | Slain by an ogre

Skill      XL: |  1  2  3  4  5 |
---------------+----------------+-----
Armour         | 1 2 |  2.9
Short Blades   | 3 |  3.8
Stealth        | 1 2 |  2.1
Dodging        | 3 |  3.5
Fighting       | 3 |  3.2
Throwing       | |  1.7

Action                   |  1- 3 |  4- 6 || total
-------------------------+-------+-------++-------
Melee: Rapier            |   103 |   185 ||   288
Throw: Throwing net      |       |     4 ||     4
  Use: Scroll            |       |     6 ||     6
 Stab: Sleeping          |     1 |     1 ||     2
  Eat: Chunk             |     1 |     5 ||     6
Armor: Leather armour    |    30 |    58 ||    88
Dodge: Dodged            |    83 |   106 ||   189
